 Dungeon Crawl Stone Soup version 0.19-a0-1803-g97ff39f (webtiles) character file.

34 Proteus the Sneak (level 3, 0/18 HPs)
             Began as a Spriggan Assassin on Oct 5, 2016.
             Succumbed to an adder's poison
             ... on level 2 of the Dungeon.
             The game lasted 00:02:34 (838 turns).

Proteus the Sneak (Spriggan Assassin)                Turns: 838, Time: 00:02:35

Health: 0/18       AC:  3    Str:  7    XL:     3   Next: 14%
Magic:  4/4        EV: 22    Int: 12    God:
Gold:   71         SH:  0    Dex: 23    Spells: 0 memorised, 2 levels left

rFire  . . .     SeeInvis +     a - +2 dagger
rCold  . . .     Gourm    .     c - +0 robe
rNeg   . . .     Faith    .     (shield restricted)
rPois  .         Spirit   .     (helmet restricted)
rElec  .         Dismiss  .     d - +0 cloak
rCorr  .         Reflect  .     (gloves unavailable)
MR     .....     Harm     .     (boots unavailable)
Stlth  +++++.....               (no amulet)
                                (no ring)
                                (no ring)

@: agile, lethally poisoned (0 -> -6), flying, very slightly contaminated,
invisible, very quick
A: unfitting armour, see invisible, herbivore 3, speed 3, slow metabolism 2
a: no special abilities


You were on level 2 of the Dungeon.
You were not hungry.

You visited 1 branch of the dungeon, and saw 2 of its levels.

You collected 71 gold pieces.

Inventory:

Hand Weapons
 a - a +2 dagger (weapon)
 b - a +0 blowgun
Missiles
 e - 8 poisoned needles
 f - 2 curare-tipped needles
Armour
 c - a +0 robe (worn)
 d - a +0 cloak (worn)
Scrolls
 j - 3 scrolls of identify
 k - a scroll of random uselessness
 l - a scroll of fear {unknown}
 o - 2 scrolls of recharging
Comestibles
 g - a bread ration


   Skills:
 - Level 1.5 Fighting
 - Level 2.1 Short Blades
 - Level 2.0 Throwing
 - Level 1.5 Dodging
 + Level 7.6 Stealth


You had 2 spell levels left.
You didn't know any spells.

Dungeon Overview and Level Annotations

Branches:
Dungeon (2/15)

Altars:
Uskayaw


Innate Abilities, Weirdness & Mutations

You are very small and have problems with some larger weapons.
You are too small for most types of armour.
You have supernaturally acute eyesight. (SInv)
You are a herbivore.
You cover ground extremely quickly.
You need consume almost no food.


Message History

You fade into invisibility!
You feel sick. The adder misses you.
You are very lightly contaminated with residual magic.
It was a potion of flight.
You feel very buoyant.
You fly up into the air.
The adder completely misses you. The adder bites you.
* * * LOW HITPOINT WARNING * * *
You barely miss the adder.
The adder is heavily wounded.
* * * LOW HITPOINT WARNING * * *
You feel sick. The adder closely misses you.
You aren't carrying any potions.
* * * LOW HITPOINT WARNING * * *
You feel sick.
As you read the scroll labeled MACSIS KOS HIG, it crumbles to dust.
The scroll dissolves into smoke.
It was a scroll of fog.
As you read the scroll labeled IRHUPPASEU, it crumbles to dust.
It is a scroll of identify.
k - a scroll of random uselessness You die...

###.###.#....
#.........#
#.#.#.....####
#.#........... #
#.##....###.
#.##....##
#####.##§§...#
......##§§...##.
......§§@§......
......§§§§§..###
.......§§.......
......#.##...###
......#.. ...#
............##
##### #####.# .#


There were no monsters in sight!

Vanquished Creatures
  3 dart slugs (D:1)
  A leopard gecko (D:1)
  A giant cockroach (D:1)
  5 hobgoblins (D:1)
  3 bats
  2 frilled lizards (D:1)
  4 goblins (D:1)
  3 kobolds (D:1)
  4 rats (D:1)
26 creatures vanquished.

Notes
Turn   | Place    | Note
-------+----------+-------------------------------------------
     0 | D:1      | Proteus the Spriggan Assassin began the quest for the Orb.
     0 | D:1      | Reached XP level 1. HP: 10/10 MP: 2/2
    14 | D:1      | Reached skill level 6 in Stealth
    34 | D:1      | Reached XP level 2. HP: 10/14 MP: 3/3
   267 | D:1      | Reached skill level 7 in Stealth
   538 | D:1      | Reached XP level 3. HP: 14/18 MP: 4/4
   789 | D:2      | Noticed a dagger
   790 | D:2      | Found a hide-covered altar of Uskayaw.
   791 | D:2      | Noticed a hand axe
   838 | D:2      | Succumbed to an adder's poison

Vault maps used:
D:1:      dpeg_arrival_rooms_b
D:2:      dancing_weapons_uskayaw

Skill      XL: |  1  2 |
---------------+-------+-----
Stealth        | 6 7 |  7.6
Fighting       | |  1.5
Short Blades   | |  2.1
Throwing       | |  2.0
Dodging        | |  1.5

Action                   || total
-------------------------++-------
Melee: Dagger            ||    93
  Use: Scroll            ||     4
       Potion            ||     3
 Stab: Sleeping          ||    11
Armor: Robe              ||    10
Dodge: Dodged            ||    56
